 Dungeon Crawl Stone Soup version 0.20-a0-1006-ge6c5631 (webtiles) character file.

240 FastMan the Shield-Bearer (level 6, -4/49 HPs)
             Began as a Formicid Fighter on Apr 14, 2017.
             Slain by an iguana (9 damage)
             ... on level 5 of the Dungeon.
             The game lasted 00:01:14 (2258 turns).

FastMan the Shield-Bearer (Formicid Fighter)        Turns: 2258, Time: 00:01:14

Health: -4/49      AC:  7    Str: 20    XL:     6   Next: 30%
Magic:  6/6        EV:  8    Int:  8    God:
Gold:   102        SH: 10    Dex: 12    Spells: 5/5 levels left

rFire    . . .     SeeInvis +   a - +0 war axe
rCold    . . .     Gourm    .   c - +0 shield
rNeg     . . .     Faith    .   b - +0 scale mail
rPois    .         Spirit   .   (helmet unavailable)
rElec    .         Reflect  .   (no cloak)
rCorr    .         Harm     .   (no gloves)
MR       .....                  (no boots)
Stlth    ..........             (no amulet)
Regen    0.2/turn               (no ring)
MPRegen  0.1/turn               (no ring)

@: no status effects
A: permanent stasis, dig shafts and tunnels, four strong arms, antennae 3
a: Dig, Shaft Self


You were on level 5 of the Dungeon.
You were hungry.

You visited 1 branch of the dungeon, and saw 5 of its levels.

You collected 102 gold pieces.

Inventory:

Hand Weapons
 a - a +0 war axe (weapon)
Armour
 b - a +0 scale mail (worn)
 c - a +0 shield (worn)
Jewellery
 k - an uncursed ring of protection from cold {unknown}
 u - an uncursed amulet of the gourmand {unknown}
Scrolls
 e - 4 scrolls of teleportation {unknown}
 g - 3 scrolls of remove curse {unknown}
 h - a scroll of magic mapping {unknown}
 i - 7 scrolls of identify {unknown}
 l - a scroll of fog {unknown}
 o - a scroll of immolation {unknown}
 r - a scroll of blinking {unknown}
 s - a scroll of enchant armour {unknown}
Potions
 d - a potion of might {@q4}
 j - a potion of heal wounds {unknown}
 m - 3 potions of haste {unknown}
 p - a potion of lignification {unknown}
 q - a potion of brilliance {unknown}
 t - a potion of agility {unknown}
Comestibles
 f - 4 bread rations {@e1}
 n - 3 chunks of flesh


   Skills:
 + Level 4.6 Fighting
 * Level 4.0 Axes
 + Level 4.1 Armour
 + Level 4.8 Shields


You had 5 spell levels left.
You didn't know any spells.

Dungeon Overview and Level Annotations

Branches:
Dungeon (5/15)
 Temple: D:4-7

Altars:
Ashenzari
Makhleb
Xom
Yredelemnul
Zin

Annotations:
D:3 1 runed door
D:4 SFR's ghost, amateur OgWz


Innate Abilities, Weirdness & Mutations

You cannot be hasted, slowed, berserked, paralysed or teleported.
You can dig through walls and to a lower floor.
Your four strong arms can wield two-handed weapons with a shield.
You have a pair of large antennae on your head. (SInv)


Message History

You are too injured to fight recklessly!
You are too injured to fight recklessly!
You are too injured to fight recklessly!
You are too injured to fight recklessly!
You are too injured to fight recklessly!
You hit the iguana but do no damage.
The iguana is heavily wounded.
The iguana bites you.
* * * LOW HITPOINT WARNING * * *
You hit the iguana but do no damage.
The iguana is heavily wounded.
The iguana bites you but does no damage.
You closely miss the iguana.
The iguana is heavily wounded.
The iguana barely misses you. The iguana bites you!
* * * LOW HITPOINT WARNING * * *
You closely miss the iguana.
The iguana is heavily wounded.
The iguana bites you!
You die...

... .. # ..
.# ##. ##.
.. .. ###
#.#.###
#...#.l$..#
#...@.#
##..<.#
.........#
.#....##.#
##### ##


You could see an iguana.

Vanquished Creatures
  An ogre (D:4)
  A howler monkey (D:4)
  8 adders
  An ooze (D:3)
  2 dart slugs
  A worm (D:2)
  A leopard gecko (D:2)
  3 orcs (D:3)
  3 giant cockroaches
  A goblin (D:3)
  3 hobgoblins
  3 jackals (D:1)
  A ball python (D:1)
  2 bats
  3 frilled lizards
  A jackal skeleton (D:3)
  2 kobolds
  A kobold skeleton (D:3)
  5 rats
43 creatures vanquished.

Notes
Turn   | Place    | Note
-------+----------+-------------------------------------------
     0 | D:1      | FastMan the Formicid Fighter began the quest for the Orb.
     0 | D:1      | Reached XP level 1. HP: 18/18 MP: 1/1
    73 | D:1      | Reached XP level 2. HP: 24/24 MP: 2/2
   368 | D:1      | You fall through a shaft!
   385 | D:2      | Reached XP level 3. HP: 21/29 MP: 3/3
   936 | D:2      | Reached XP level 4. HP: 24/37 MP: 4/4
   957 | D:2      | Found a shattered altar of Ashenzari.
   984 | D:2      | Found a faded altar of an unknown god.
   984 | D:2      | Found a burning altar of Makhleb.
   992 | D:2      | Found a faded altar of an unknown god.
   994 | D:2      | Found a glowing silver altar of Zin.
   996 | D:2      | Found a shimmering altar of Xom.
  1363 | D:3      | Found a runed door.
  1363 | D:3      | Noticed a human
  1365 | D:3      | Found a basalt altar of Yredelemnul.
  1749 | D:3      | Reached XP level 5. HP: 41/42 MP: 5/5
  1968 | D:3      | Found a basalt altar of Yredelemnul.
  2080 | D:4      | Noticed an ogre
  2086 | D:4      | Killed an ogre
  2086 | D:4      | Reached XP level 6. HP: 32/49 MP: 6/6
  2087 | D:4      | Noticed SFR's ghost (amateur OgWz)
  2247 | D:5      | Entered Level 5 of the Dungeon
  2258 | D:5      | Slain by an iguana

Vault maps used:
D:1:      ncdulo_lavacross
D:2:      chequers_temple_overflow_minitemple, lemuel_coloured_pillars_altar,
          first_bread
D:3:      old_standard_altar, dk_yredelemnul_ordeal
D:4:      cheibrodos_quashed
D:5:      uniq_menkaure

Skill      XL: |  1  2  3  4  5 |
---------------+----------------+-----
Shields        | 4 |  4.8
Axes           | 3 4 |  4.0
Fighting       | 4 |  4.6
Armour         | 4 |  4.1

Action                   |  1- 3 |  4- 6 || total
-------------------------+-------+-------++-------
Melee: War axe           |    85 |    94 ||   179
  Eat: Chunk             |       |     4 ||     4
Armor: Scale mail        |    36 |    36 ||    72
Dodge: Dodged            |    23 |    31 ||    54
Block: Shield            |    48 |    46 ||    94
